 Dungeon Crawl Stone Soup version 0.28-a0-863-g8cecda6153 (webtiles) character file.

Game seed: 552422012983605717

33439 kae the Martial Artist (level 13, -3/127 (133) HPs)
             Began as a Grey Draconian Transmuter on Nov 19, 2021.
             Was an Elder of Ru.
             Slain by an eight-headed hydra (6 damage)
             ... on level 6 of the Lair of Beasts.
             The game lasted 00:20:24 (26223 turns).

kae the Martial Artist (Grey Draconian Transmuter) Turns: 26223, Time: 00:20:25

HP:   -3/127 (133)  AC:  8    Str: 12    XL:     13   Next: 36%
MP:   19/22         EV: 13    Int: 15    God:    Ru [****..]
Gold: 2591          SH:  0    Dex: 14    Spells: 20/28 levels left

rFire   x . .      SeeInvis .     - Unarmed
rCold   + + +      Faith    .   (shield currently unavailable)
rNeg    . . .      Spirit   .   (armour unavailable)
rPois   +          Reflect  .   (helmet currently unavailable)
rElec   .          Harm     .   (cloak currently unavailable)
rCorr   .          Rampage  .   (gloves currently unavailable)
Will    +....                   (boots currently unavailable)
Stlth   +.........              (no amulet)
HPRegen 0.31/turn               p - ring of wizardry
MPRegen 0.18/turn               q - ring of willpower

@: ice-form, very slightly contaminated, lightly drained, unable to read
A: freezing attack, boosted hp, AC +13, amphibious, large, unfitting armour,
dopey 1, low mp 1, (cold-blooded), inability to read while threatened, inability
to use devices
a: End Transformation, Renounce Religion, Draw Out Power, Power Leap


You were on level 6 of the Lair of Beasts.
You worshipped Ru.
Ru was greatly pleased with you.
You were a creature of crystalline ice.
You visited 2 branches of the dungeon, and saw 17 of its levels.
You also visited: Sewer.

You collected 2701 gold pieces.
You spent 110 gold pieces at shops.

Inventory:

Armour
 b - a +1 pair of gloves (melded)
 y - a +1 pair of boots (melded)
 z - a +0 cloak (melded)
Jewellery
 n - a ring of flight
 p - a ring of wizardry (left front paw)
 q - a ring of willpower (right front paw)
 w - a ring of protection from cold
 C - a ring of ice
Scrolls
 h - a scroll of holy word
 j - 3 scrolls of teleportation
 o - 8 scrolls of identify
 r - a scroll of amnesia
 t - 4 scrolls of fear
 v - a scroll of enchant weapon
 x - 3 scrolls of enchant armour
 D - a scroll of magic mapping
Potions
 a - 7 potions of curing
 d - 3 potions of magic
 e - 3 potions of attraction
 f - 4 potions of flight
 g - 2 potions of might
 i - 5 potions of mutation
 k - 2 potions of berserk rage
 l - a potion of ambrosia
 m - a potion of brilliance
 s - a potion of invisibility
 u - 2 potions of cancellation
 B - 2 potions of haste


   Skills:
 + Level 9.5 Fighting
 + Level 8.2 Dodging
 * Level 12.5 Unarmed Combat
 + Level 8.1 Spellcasting
 * Level 12.2 Transmutations
 - Level 5.0 Ice Magic
 - Level 2.0 Poison Magic


You had 20 spell levels left.
You knew the following spells:

 Your Spells              Type           Power      Damage    Failure   Level
a - Beastly Appendage     Tmut           84%        N/A       1%          1
b - Spider Form           Tmut/Pois      27%        N/A       1%          3
c - Ice Form              Ice/Tmut       31%        N/A       1%          4

Your spell library contained the following spells:

 Spells                   Type           Power      Damage    Failure   Level
 Sting                    Tmut/Pois      100%       1d8       1%          1
 Wereblood                Tmut           42%        N/A       1%          2
 Frozen Ramparts          Ice            42%        1d6       1%          3
 Ozocubu's Armour         Ice            21%        N/A       1%          3
 Foxfire                  Conj/Fire      24%        2x1d5     4%          1
 Poisonous Vapours        Pois/Air       18%        N/A       4%          2
 Corpse Rot               Necr/Air       12%        N/A       8%          2
 Conjure Flame            Conj/Fire      6%         6-21      14%         3
 Gell's Gravitas          Tloc           6%         N/A       14%         3
 Inner Flame              Hex/Fire       6%         N/A       14%         3
 Lesser Beckoning         Tloc           6%         N/A       14%         3
 Teleport Other           Tloc           6%         N/A       14%         3
 Summon Ice Beast         Ice/Summ       13%        N/A       16%         4
 Olgreb's Toxic Radiance  Pois           12%        N/A       21%         4
 Flame Wave               Conj/Fire      6%         3d4       41%         4
 Leda's Liquefaction      Hex/Erth       3%         N/A       41%         4
 Passage of Golubria      Tloc           6%         N/A       41%         4
 Silence                  Hex/Air        3%         N/A       75%         5
 Ozocubu's Refrigeration  Ice            10%        4d7       99%         7
 Lehudib's Crystal Spear  Conj/Erth      3%         10d2      100%        8
 Necromutation            Tmut/Necr      12%        N/A       100%        8


Dungeon Overview and Level Annotations

Branches:
Dungeon (11/15)            Temple (0/1) D:5            Lair (6/6) D:9
  Swamp (0/4) Lair:4        Snake (0/4) Lair:3          Orc (0/2) D:11
  Sewer (visited)
  Slime: Lair:5-6

Altars:
Cheibriados
Fedhas
Kikubaaqudgha
Makhleb
Nemelex Xobeh
Ru
Wu Jian
Xom

Shops:
D:6 *   D:8 (   D:10 ?

Annotations:
Lair:1 Harold


Innate Abilities, Weirdness & Mutations

You are a creature of crystalline ice.
You have a powerful freezing melee attack.
Your maximum health is increased.
Your armour is entirely melded.
You are incapable of wielding weapons or throwing items.
((Your dull iron-grey scales are very hard. (AC +13)))
You are amphibious.
You cannot fit into any form of body armour.
You are dopey. (Int -2)
Your magical capacity is low. (-10% MP)
((You are cold-blooded and may be slowed by cold attacks.))
You sometimes lose the ability to read scrolls when taking damage.
You cannot study or use magical devices.


Message History

* * * LOW HITPOINT WARNING * * *
You feel much better. The eight-headed hydra bites you.
* * * LOW HITPOINT WARNING * * *
The eight-headed hydra bites you.
* * * LOW HITPOINT WARNING * * *
The eight-headed hydra closely misses you. x2
The eight-headed hydra completely misses you.
The eight-headed hydra bites you but does no damage.
The eight-headed hydra barely misses you.
The eight-headed hydra bites you!
* * * LOW HITPOINT WARNING * * *
You feel much better.
You feel yourself speed up.
You redirect the eight-headed hydra's attack!
The eight-headed hydra bites the yak but does no damage.
The eight-headed hydra bites the yak!
The eight-headed hydra bites the yak.
The eight-headed hydra bites the yak!
The eight-headed hydra bites the yak.
The eight-headed hydra bites the yak!!
The yak dies!
The eight-headed hydra bites you but does no damage. x2
The eight-headed hydra misses you.
The eight-headed hydra completely misses you.
The eight-headed hydra bites you.
* * * LOW HITPOINT WARNING * * *
You focus your inner power and illuminate the eight-headed hydra in retribution!
The eight-headed hydra bites you!
* * * LOW HITPOINT WARNING * * *
The eight-headed hydra barely misses you.
The eight-headed hydra bites you!
* * * LOW HITPOINT WARNING * * *
The eight-headed hydra bites you.
* * * LOW HITPOINT WARNING * * *
The eight-headed hydra barely misses you.
You completely miss the eight-headed hydra.
You completely miss the eight-headed hydra.
The eight-headed hydra bites you.
* * * LOW HITPOINT WARNING * * *
The eight-headed hydra bites you but does no damage.
The eight-headed hydra bites you.
You die...

...................P......
....P.....................
..........P...............
.......P.......Ph......[..
....##.PP.PP##..Y.........
....##......##.Yl#....#...
..††.......#####.l...P# #
..........## ##DY.###
.......#..# #Y#w...#
......##### ###.####
#....## ### ...... .......
##.... P...


You could see an eight-headed hydra (corona), a komodo dragon and a yak.

Vanquished Creatures
  A boulder beetle (Lair:2)
  Fannar (D:10)
  2 hydras
  A two-headed ogre (D:11)
  A centaur warrior (D:9)
  Urug (Lair:3)
  A manticore (D:10)
  9 elephants
  3 black mambas
  Maggie (D:7)
  A gargoyle (D:9)
  7 cane toads
  8 komodo dragons
  3 trolls
  A polar bear (Lair:5)
  Grinder (D:6)
  9 blink frogs
  6 wyverns
  A shadow (D:9)
  2 water elementals (D:11)
  38 yaks
  A wraith (D:5)
  3 vampire mosquitoes
  2 basilisks
  2 steam dragons
  4 nagas (Lair:3)
  12 water moccasins
  Duvessa (D:7)
  5 black bears
  4 orc warriors
  A sky beast (D:5)
  3 ice beasts
  8 centaurs
  18 wolves
  4 ogres (D:5)
  3 kobold brigands
  12 bullfrogs
  2 wyvern zombies
  A water moccasin zombie (D:6)
  A water moccasin skeleton (D:4)
  Dowan (D:7)
  11 wights
  20 killer bees
  6 howler monkeys
  5 electric eels
  A bullfrog zombie (D:6)
  2 centaur zombies
  A centaur skeleton (D:5)
  10 orc priests
  A gnoll shaman (D:6)
  2 hounds
  A bullfrog skeleton (D:6)
  An iguana (D:6)
  11 orc wizards
  A scorpion zombie (D:5)
  A killer bee zombie (D:8)
  2 hound skeletons (D:4)
  A howler monkey zombie (D:9)
  Robin (D:3)
  4 adders
  6 gnolls
  A river rat (Sewer)
  A shadow imp (D:6)
  2 ufetubi
  6 worms
  3 dart slugs
  38 orcs
  5 endoplasms
  A giant cockroach (D:1)
  21 goblins
  3 hobgoblins
  8 jackals
  17 kobolds
  A quokka (D:2)
  10 ball pythons
  5 bats
  5 frilled lizards
  5 rats
  A spectral kobold (D:1)
407 creatures vanquished.

Vanquished Creatures (others)
  A komodo dragon (Lair:2)
  A yak (Lair:6)
  A water moccasin (Lair:2)
  A kobold (D:7)
  20 fungi
  20 plants
44 creatures vanquished.

Grand Total: 451 creatures vanquished

Notes
Turn   | Place    | Note
-------+----------+-------------------------------------------
     0 | D:1      | kae the Draconian Transmuter began the quest for the Orb.
     0 | D:1      | Reached XP level 1. HP: 16/16 MP: 3/3
   110 | D:1      | Reached XP level 2. HP: 20/23 MP: 3/5
   549 | D:1      | Found a faded altar of an unknown god.
  1190 | D:1      | Reached XP level 3. HP: 12/28 MP: 6/6
  1194 | D:1      | Learned a level 3 spell: Spider Form
  1731 | D:2      | Reached XP level 4. HP: 29/36 MP: 7/7
  2409 | D:3      | Reached skill level 1 in Poison Magic
  2516 | D:3      | Noticed a bullfrog
  2559 | D:3      | Noticed Robin
  2569 | D:3      | Killed a bullfrog
  2570 | D:3      | Reached XP level 5. HP: 28/41 MP: 2/8
  2575 | D:3      | Killed Robin
  2639 | D:3      | Learned a level 4 spell: Ice Form
  2782 | D:3      | Found a sacrificial altar of Ru.
  2881 | D:3      | Became a worshipper of Ru the Awakened
  3659 | D:4      | Reached XP level 6. HP: 49/50 MP: 6/9
  3781 | D:4      | Reached skill level 1 in Ice Magic
  4026 | D:4      | Your scales start taking on a dull iron-grey colour.
  4026 | D:4      | Reached XP level 7. HP: 41/56 MP: 8/11
  4613 | D:4      | Gained mutation: Your magical capacity is low. (-10% MP)
                  | [Ru sacrifice]
  5044 | D:5      | Entered Level 5 of the Dungeon
  5146 | D:5      | Reached skill level 5 in Unarmed Combat
  5349 | D:5      | Found a staircase to the Ecumenical Temple.
  5376 | D:5      | Noticed a wraith
  5387 | D:5      | Killed a wraith
  5388 | D:5      | Reached XP level 8. HP: 51/63 MP: 2/11
  5403 | D:5      | Found a glowing drain.
  5430 | Sewer    | Entered a sewer
  5817 | Sewer    | Found a white marble altar of Elyvilon.
  6083 | D:5      | Reached skill level 5 in Transmutations
  7166 | D:6      | Reached XP level 9. HP: 65/71 MP: 10/13
  7290 | D:6      | Found Coen's General Store.
  7297 | D:6      | Bought a scroll of identify for 28 gold pieces
  7467 | D:6      | Noticed Grinder
  7475 | D:6      | Killed Grinder
  7476 | D:6      | Reached skill level 5 in Ice Magic
  7658 | D:7      | Noticed Maggie
  7894 | D:7      | Killed Maggie
  7895 | D:7      | Reached skill level 5 in Fighting
  8751 | D:7      | Noticed Duvessa
  8756 | D:7      | Noticed Dowan
  8763 | D:7      | Killed Duvessa
  8839 | D:7      | Killed Dowan
  9159 | D:8      | Found Hiuttuqu's Antique Weapon Shoppe.
  9163 | D:8      | Reached XP level 10. HP: 81/81 MP: 11/15
  9386 | D:8      | Reached skill level 5 in Dodging
 10345 | D:8      | Reached skill level 5 in Spellcasting
 10914 | D:9      | Found a sparkling altar of Nemelex Xobeh.
 10915 | D:9      | Found a snail-covered altar of Cheibriados.
 10916 | D:9      | Found a burning altar of Makhleb.
 10916 | D:9      | Found an ancient bone altar of Kikubaaqudgha.
 10918 | D:9      | Found an ornate altar of the Wu Jian Council.
 10918 | D:9      | Found a blossoming altar of Fedhas.
 10919 | D:9      | Found a shimmering altar of Xom.
 11284 | D:9      | HP: 5/100 [poisoned by a killer bee]
 12046 | D:9      | Found a staircase to the Lair.
 12435 | D:9      | Noticed a centaur warrior
 12444 | D:9      | Killed a centaur warrior
 12445 | D:9      | Reached XP level 11. HP: 84/91 MP: 12/17
 13455 | D:10     | Entered Level 10 of the Dungeon
 14828 | D:10     | Noticed Fannar
 14841 | D:10     | Killed Fannar
 14877 | D:10     | Found Doj Pausu's Magic Scroll Emporium.
 14892 | D:10     | Bought a scroll of identify for 30 gold pieces
 14892 | D:10     | Bought a scroll of magic mapping for 52 gold pieces
 15039 | D:11     | Reached skill level 10 in Unarmed Combat
 16267 | D:11     | Noticed a two-headed ogre
 16276 | D:11     | Killed a two-headed ogre
 16277 | D:11     | Reached skill level 10 in Transmutations
 16538 | D:11     | Got the Reference Book on Entrancing Sinister Rites
 17173 | D:11     | Found a staircase to the Orcish Mines.
 17796 | Lair:1   | Entered Level 1 of the Lair of Beasts
 17805 | Lair:1   | Gained mutation: You cannot study or use magical devices.
                  | [Ru sacrifice]
 17805 | Lair:1   | Reached * piety under Ru
 17805 | Lair:1   | Reached ** piety under Ru
 18162 | Lair:1   | Noticed Harold
 18200 | Lair:1   | Reached XP level 12. HP: 101/101 MP: 16/19
 18330 | Lair:1   | Noticed a four-headed hydra
 18338 | Lair:1   | Killed a four-headed hydra
 19787 | Lair:2   | Noticed a boulder beetle
 19798 | Lair:2   | Killed a boulder beetle
 20339 | Lair:2   | Identified a scroll of acquirement
 20339 | Lair:2   | Acquired 959 gold pieces
 21208 | Lair:3   | Found a staircase to the Snake Pit.
 21208 | Lair:3   | Noticed Urug
 21221 | Lair:3   | Killed Urug
 22332 | Lair:3   | Gained mutation: You are dopey. (Int -2) [Ru sacrifice]
 22332 | Lair:3   | Reached *** piety under Ru
 23107 | Lair:4   | Found a staircase to the Swamp.
 23504 | Lair:4   | Acquired 832 gold pieces
 23575 | Lair:4   | Reached XP level 13. HP: 106/106 MP: 20/22
 24517 | Lair:5   | Identified the +0 ring mail "Qouf" {rCorr Dex+3}
 25899 | Lair:6   | Entered Level 6 of the Lair of Beasts
 26022 | Lair:6   | Gained mutation: You sometimes lose the ability to read
                  | scrolls when taking damage. [Ru sacrifice]
 26022 | Lair:6   | Reached **** piety under Ru
 26219 | Lair:6   | HP: 5/127 [eight-headed hydra (12)]
 26223 | Lair:6   | Slain by an eight-headed hydra

Illustrated notes

Levels and vault maps discovered:
D:1:      lemuel_arrival_funnel, layout_basic,
          dreamdust_ecumenical_altar_drowned_temple, minivault_24
D:2:      layout_basic, minmay_tripent
D:3:      layout_loops_cross, mainiacjoe_overflow_concentric_impassable,
          uniq_robin
D:4:      layout_basic
D:5:      layout_loops_corners, minmay_temple_entry_proselytizer,
          cheibrodos_sewer_entry_bend
D:6:      layout_rooms, serial_shops,
          nicolae_shop_temple_entry_statues_fountains, uniq_grinder
D:7:      layout_rooms, uniq_maggie, uniq_duvessa
D:8:      layout_basic, serial_shops, nicolae_shop_waterfront
D:9:      layout_cave_pods, grunt_temple_overflow_open, minmay_lair_entry_grove,
          hangedman_decor_opposing, hangedman_abyss_or_decor_stabs
D:10:     layout_rooms, serial_shops, shop_statue, uniq_fannar
D:11:     layout_loops_corners, erik_orc_2
Lair:1:   layout_big_grid, minivault_26, columned_hall_lemuel,
          serial_bayou_shore_b, uniq_harold
Lair:2:   layout_cellular_growth, nzn_sisyphean_effort, grunt_megastairs_3
Lair:3:   layout_hall_layers, minmay_snake_entry_guardpost_small,
          nicolae_lair_lil_pond, uniq_urug
Lair:4:   layout_cave_pods, minmay_swamp_entry_eels, serial_bayou_shore_a
Lair:5:   layout_roguey
Lair:6:   due_jungle_book, layout_cave_shapes, slime_altar_1

Skill      XL: |  1  2  3  4  5  6  7  8  9 10 11 12 13 |
---------------+----------------------------------------+-----
Dodging        | 2 3 4 6 7 8 |  8.2
Fighting       | 2 3 4 5 6 7 9 |  9.5
Poison Magic   | 1 2 |  2.0
Unarmed Combat | 4 5 6 7 9 10 12 | 12.5
Transmutations | 3 4 5 7 8 10 11 12 | 12.2
Ice Magic      | 1 3 4 5 |  5.0
Spellcasting   | 3 4 5 6 7 8 |  8.1

Action                   |  1- 3 |  4- 6 |  7- 9 | 10-12 | 13-15 || total
-------------------------+-------+-------+-------+-------+-------++-------
Melee: Unarmed           |    88 |   185 |   324 |   646 |   138 ||  1381
       Tailslap          |     9 |     9 |     6 |     2 |       ||    26
       Kick              |     8 |    14 |       |       |       ||    22
       Headbutt          |     5 |     8 |       |       |       ||    13
       Punch             |     1 |     1 |     1 |       |       ||     3
 Cast: Beastly Appendage |    17 |    14 |       |       |       ||    31
       Spider Form       |     1 |    11 |    22 |       |       ||    34
       Ice Form          |       |     1 |    22 |    83 |    14 ||   120
Invok: Sacrifice Essence |       |       |     1 |       |       ||     1
       Reject Sacrifices |       |       |     1 |       |       ||     1
       Sacrifice Artific |       |       |       |     1 |       ||     1
       Draw Out Power    |       |       |       |     2 |     2 ||     4
       Sacrifice Purity  |       |       |       |     1 |       ||     1
       Sacrifice Words   |       |       |       |       |     1 ||     1
Evoke: Wand              |       |       |       |     2 |       ||     2
       Box of beasts     |       |       |       |     1 |       ||     1
  Use: Scroll            |       |     6 |    13 |     8 |     2 ||    29
       Potion            |       |       |     2 |     1 |     4 ||     7
 Stab: Sleeping          |     1 |       |     1 |     1 |       ||     3
       Invisible         |       |       |       |     3 |       ||     3
       Distracted        |       |       |       |       |     1 ||     1
Armor: Skin              |    24 |    24 |    80 |   226 |    34 ||   388
Dodge: Dodged            |    58 |   121 |   230 |   433 |    80 ||   922

Table legend: (Time is in decaauts)
 A = Elapsed time spent in this place.
 B = Non-inter-level travel time spent in this place.
 C = Inter-level travel time spent in this place.
 D = Time resting spent in this place.
 E = Time spent auto-exploring this place.
 F = Levels seen in this place.
 G = Mean time per level.
                   A        B        C        D        E       F      G
               +--------+--------+--------+--------+--------+-----+--------+
         Total |  26061 |  25099 |    962 |   3302 |  18413 |  18 | 1447.8 |
       Dungeon |  17292 |  16559 |    733 |   2729 |  11372 |  11 | 1572.0 |
          Lair |   8346 |   8117 |    229 |    573 |   6691 |   6 | 1391.0 |
         Sewer |    422 |    422 |      0 |      0 |    350 |   1 |  422.0 |
               +--------+--------+--------+--------+--------+-----+--------+

Top non-repeatable levels by time:
     D:9: 2638 daAuts
     D:8: 2417 daAuts
  Lair:3: 2096 daAuts
    D:11: 1827 daAuts
  Lair:4: 1792 daAuts
    D:10: 1757 daAuts
     D:6: 1657 daAuts
  Lair:2: 1633 daAuts
     D:4: 1534 daAuts
     D:1: 1370 daAuts
  Lair:1: 1313 daAuts
     D:5: 1258 daAuts
  Lair:5: 1186 daAuts
     D:3: 1117 daAuts
     D:2: 1011 daAuts
